AoeStats
← A Wooden Lamp

Fortress

509518669Analyzed
4v4 RM · 5d ago on Sep 27, 2026· 46m 35s· 8 players
Game mode
Random Map
Map size
Huge
Population
200
Speed
Normal
Resources
Standard
Victory
Conquest
Starting age
Dark Age
Ending age
Imperial Age
RankedLock teamsTeams togetherTeam positionsShared explorationLock speedFull tech treeHidden civsTurbo modeCheats
Victory
Defeat
🇨🇳 Saxons · China
1111
+16
🇦🇺 Mongols · Australia
1077
+17
🇨🇴 Khmer · Colombia
1066
+18
🇨🇳 Bohemians · China
1051
+19
🇨🇴 Britons · Colombia
1142
-19
🇨🇴 Franks · Colombia
1126
-18
🇨🇴 Spanish · Colombia
1107
-17
🇨🇴 Saracens · Colombia
1061
-42
A Wooden Lamp
7:47 Feudal Age
9:24 Loom
12:16 Castle Age
10:50 Horse Collar
10:58 Double-Bit Axe
13:13 Fletching
15:28 Bodkin Arrow
17:28 Town Watch
30:00 Imperial Age
30:36 Wheelbarrow
30:19 Padded Archer Armor
31:26 Conscription
31:08 Bracer
30:31 Elite Skirmisher
33:54 Hand Cart
34:57 Ballistics
34:54 Leather Archer Armor
35:40 Scale Barding Armor
36:49 Chain Barding Armor
36:40 Forging
35:59 Light Cavalry
37:42 Bloodlines
37:32 Husbandry
37:47 Hussar
38:41 Bloodlines
38:59 Husbandry
39:41 Iron Casting
43:16 Heavy Plow
Neor2526
0:33 Loom
7:49 Feudal Age
13:25 Castle Age
12:45 Wheelbarrow
12:06 Double-Bit Axe
12:21 Horse Collar
19:45 Hand Cart
25:47 Imperial Age
23:43 Gold Mining
23:46 Stone Mining
24:39 Bloodlines
25:18 Gold Shaft Mining
26:03 Heavy Plow
26:24 Bow Saw
26:24 Husbandry
28:13 Chemistry
28:12 Conscription
28:39 Siege Engineers
29:08 Siege Engineers
29:25 Ballistics
30:24 Double Crossbow
32:27 Town Watch
32:48 Caravan
32:58 Elite Ballista Elephant
36:56 Scale Barding Armor
38:03 Chain Barding Armor
37:56 Forging
39:38 Plate Barding Armor
39:42 Iron Casting
38:43 Light Cavalry
40:21 Hussar
41:42 Crop Rotation
43:55 Blast Furnace
43:11 Fletching
43:21 Padded Archer Armor
45:38 Masonry
46:02 Caravan
打虎将李忠
8:14 Feudal Age
12:34 Castle Age
11:59 Double-Bit Axe
11:58 Horse Collar
14:40 Heavy Plow
15:00 Bow Saw
20:24 Wheelbarrow
22:30 Gold Mining
22:31 Stone Mining
22:40 Stone Mining
23:08 Hand Cart
23:40 Loom
25:33 Gold Shaft Mining
25:50 Squires
25:36 Gambesons
25:36 Arson
29:43 Imperial Age
30:54 Scale Mail Armor
31:04 Forging
31:47 Conscription
30:49 Shield Wall
31:00 Elite Varangian Guard
31:44 Murder Holes
31:55 Siege Engineers
33:18 Two-Man Saw
32:16 Capped Ram
35:13 Siege Ram
37:39 Elite Hearth Troop
39:35 Chain Mail Armor
39:55 Iron Casting
41:08 Heavy Scorpion
45:43 Plate Mail Armor
45:30 Fortified Wall
永不投降嘻嘻
7:16 Feudal Age
11:15 Castle Age
11:22 Double-Bit Axe
11:18 Horse Collar
19:04 Bow Saw
18:55 Heavy Plow
24:07 Imperial Age
22:35 Loom
24:17 Chemistry
25:26 Pikeman
27:34 Elite Skirmisher
28:16 Padded Archer Armor
28:06 Fletching
31:22 Halberdier
32:02 Squires
32:03 Scale Mail Armor
31:59 Bodkin Arrow
32:20 Leather Archer Armor
33:15 Guard Tower
37:17 Masonry
37:45 Keep
37:31 Ballistics
36:57 Arrowslits
38:50 Scale Barding Armor
38:55 Forging
39:25 Husbandry
38:45 Light Cavalry
ANGELSTON
7:08 Feudal Age
11:20 Castle Age
9:22 Double-Bit Axe
22:23 Imperial Age
21:14 Loom
21:43 Scale Barding Armor
22:35 Bow Saw
25:01 Chemistry
24:22 Siege Engineers
25:52 Wheelbarrow
33:49 Hand Cart
34:17 Chain Barding Armor
34:08 Forging
33:46 Cavalier
34:27 Husbandry
36:11 Plate Barding Armor
36:35 Iron Casting
37:59 Paladin
40:26 Blast Furnace
44:48 Onager
45:53 Fletching
johanpar.2000
7:16 Loom
9:01 Feudal Age
10:58 Horse Collar
11:06 Double-Bit Axe
12:19 Wheelbarrow
16:38 Castle Age
16:34 Scale Barding Armor
16:46 Bloodlines
21:10 Chain Barding Armor
21:14 Forging
24:24 Husbandry
23:45 Light Cavalry
24:49 Bimaristan
26:43 Murder Holes
44:45 Imperial Age
alexander114
7:42 Feudal Age
8:56 Double-Bit Axe
11:41 Castle Age
9:48 Horse Collar
14:15 Loom
14:34 Town Watch
29:09 Imperial Age
27:56 Fletching
29:23 Bodkin Arrow
31:14 Chemistry
30:24 Bracer
31:25 Ballistics
32:45 Padded Archer Armor
33:18 Forging
33:14 Scale Barding Armor
35:55 Chain Barding Armor
36:11 Iron Casting
36:03 Leather Archer Armor
36:30 Husbandry
38:33 Plate Barding Armor
37:34 Cavalier
38:25 Bloodlines
41:18 Blast Furnace
42:05 Ring Archer Armor
KVTLB
8:19 Feudal Age
12:49 Castle Age
10:49 Double-Bit Axe
10:48 Horse Collar
11:08 Gold Mining
11:13 Fletching
11:41 Loom
11:46 Town Watch
14:37 Bodkin Arrow
14:44 Padded Archer Armor
17:13 Ballistics
21:11 Treadmill Crane
30:12 Imperial Age
28:14 Leather Archer Armor
29:05 Wheelbarrow
30:17 Elite Longbowman
31:19 Bracer
31:50 Ring Archer Armor
32:16 Ring Archer Armor
33:34 Heavy Plow
37:27 Yeomen
Connection lost

Rejoining the realm…

Still unreachable

The connection could not be restored.

Session expired

The server has moved on; the page needs a fresh start.